 Dungeon Crawl Stone Soup version 0.30.0-29-ga12c61a403 (webtiles) character file.

Game seed: 3186523830049783688

2550 Graphine the Grave Robber (level 9, -5/93 HPs)
             Began as an Ogre Necromancer on June 16, 2023.
             Slain by a killer bee (6 damage)
             ... on level 8 of the Dungeon.
             The game lasted 00:26:49 (7460 turns).

Graphine the Grave Robber (Ogre Necromancer)        Turns: 7460, Time: 00:26:50

Health: -5/93      AC: 11    Str: 14    XL:     9   Next: 56%
Magic:  19/19      EV: 11    Int: 20    God:
Gold:   436        SH:  0    Dex:  9    Spells: 2/21 levels left

rFire   . . .        r - +0 great mace (protect)
rCold   . . .        (shield currently unavailable)
rNeg    . . .        a - +2 robe
rPois   .            (helmet restricted)
rElec   .            t - +1 cloak
rCorr   .            (gloves unavailable)
SInv    .            (boots unavailable)
Will    .....        (no amulet)
Stlth   +            h - +4 ring of protection
HPRegen 0.35/turn    (no ring)
MPRegen 0.16/turn

%: no passive effects
@: lethally poisoned (-5 -> -13), marked, animating dead
A: large, unfitting armour, tough skin 1
a: no special abilities


You were on level 8 of the Dungeon.
You visited 1 branch of the dungeon, and saw 8 of its levels.

You collected 436 gold pieces.

Inventory:

Hand Weapons
 c - a +1 dagger of flaming
 r - a +0 great mace of protection (weapon)
 w - a +2 whip of distortion
Missiles
 o - 3 curare-tipped darts
Armour
 a - a +2 robe (worn)
 t - a +1 cloak (worn)
Magical Staves
 v - a staff of cold
Jewellery
 h - a +4 ring of protection (left hand)
Wands
 f - a wand of flame (16)
 p - a wand of charming (24)
 u - a wand of acid (8)
Scrolls
 j - a scroll of amnesia
 n - a scroll of fear
 s - a scroll of silence
Potions
 d - 2 potions of curing
 e - a potion of brilliance
 g - a potion of degeneration
 i - a potion of attraction
 k - a potion of resistance
 l - 2 potions of flight
 m - a potion of ambrosia {unknown}
 q - 2 potions of might {unknown}
 x - a potion of heal wounds {unknown}


   Skills:
 + Level 7.5 Fighting
 + Level 5.6 Dodging
 - Level 1.4 Stealth
 + Level 6.8 Spellcasting
 * Level 7.7 Necromancy
 + Level 0.6 Transmutations


You had 2 spell levels left.
You knew the following spells:

 Your Spells              Type           Power      Damage    Failure   Level
a - Necrotise             Necr           100%       1d9       1%          1
b - Vampiric Draining     Necr           38%        2d8       1%          3
c - Animate Dead          Necr           38%        N/A       3%          4
d - Agony                 Necr           38%        N/A       11%         5
e - Beastly Appendage     Tmut           18%        N/A       8%          1
f - Wereblood             Tmut           9%         N/A       11%         2
g - Frozen Ramparts       Ice            12%        1d2       28%         3

Your spell library contained the following spells:

 Spells                   Type           Power      Damage    Failure   Level
 Sting                    Tmut/Pois      32%        1d4       9%          1
 Freeze                   Ice            24%        1d4       10%         1
 Poisonous Vapours        Pois/Air       12%        N/A       14%         2
 Spider Form              Tmut/Pois      8%         N/A       26%         3
 Gell's Gravitas          Tloc           6%         N/A       28%         3
 Hailstorm                Conj/Ice       6%         3d4       28%         3
 Teleport Other           Tloc           6%         N/A       28%         3
 Petrify                  Tmut/Erth      8%         N/A       63%         4
 Olgreb's Toxic Radiance  Pois           6%         N/A       67%         4
 Summon Ice Beast         Ice/Summ       6%         N/A       67%         4
 Metabolic Englaciation   Hex/Ice        3%         N/A       95%         5
 Summon Mana Viper        Hex/Summ       6%         N/A       95%         5
 Dispersal                Tloc           3%         N/A       100%        6
 Statue Form              Tmut/Erth      5%         N/A       100%        6
 Haunt                    Necr/Summ      11%        N/A       100%        7
 Monstrous Menagerie      Summ           3%         N/A       100%        7
 Infestation              Necr           19%        N/A       100%        8


Dungeon Overview and Level Annotations

Branches:
Dungeon (8/15)             Temple (0/1) D:4
   Lair: D:8-11

Altars:
Dithmenos
Kikubaaqudgha
Makhleb

Shops:
D:6 :


Innate Abilities, Weirdness & Mutations

You are too large for most types of armour.
You have tough skin. (AC +1)


Message History

The killer bee stings you but does no damage.
The killer bee barely misses you.
The killer bee stings you but does no damage. x2
The killer bee barely misses you.
Your water moccasin zombie completely misses the killer bee.
The killer bee stings you.
* * * LOW HITPOINT WARNING * * *
The killer bee stings you.
* * * LOW HITPOINT WARNING * * *
The killer bee barely misses you. x2
The killer bee stings you but does no damage.
An orc comes into view. It is wielding a +0 dagger.
Your water moccasin zombie misses the killer bee.
You feel better. The killer bee barely misses you. The killer bee stings you.
* * * LOW HITPOINT WARNING * * *
The killer bee stings you but does no damage.
The killer bee stings you.
* * * LOW HITPOINT WARNING * * *
The killer bee stings you.
* * * LOW HITPOINT WARNING * * *
The killer bee stings you but does no damage.
The killer bee closely misses you.
The killer bee stings you but does no damage.
The killer bee stings you.
* * * LOW HITPOINT WARNING * * *
You are poisoned.
The killer bee poisons you! The killer bee barely misses you.
An orc comes into view. It is wielding a +0 dagger.
Your water moccasin zombie misses the killer bee.
Magic courses through your body.
You feel sick. The killer bee stings you.
* * * LOW HITPOINT WARNING * * *
The killer bee stings you!
* * * LOW HITPOINT WARNING * * *
You are lethally poisoned!
The killer bee poisons you! The killer bee misses you.
The killer bee stings you.
* * * LOW HITPOINT WARNING * * *
The killer bee misses you. The killer bee closely misses you.
The killer bee barely misses you. The killer bee stings you.
You die...

##....#...#
#.......$..
#..........
#..........
#..........
#...Z....#
#.†yy....#
#..@y....#
#####..yy....#
........######
........#
........#####
........'...###
[#
.o......###...#
...# o.......#
###.# ..+
######### #.#
..#


You could see 5 killer bees, 2 orcs and a friendly water moccasin zombie.

Vanquished Creatures
  Sigmund (D:4)
  4 yaks (D:7)
  A water moccasin (D:8)
  A sky beast (D:7)
  An ice beast (D:8)
  An ogre (D:4)
  A centaur (D:7)
  A kobold brigand (D:6)
  A bullfrog (D:7)
  3 wights (D:7)
  A killer bee (D:8)
  2 jellies
  A gnoll bouda (D:6)
  A hound (D:6)
  A sleepcap (D:3)
  2 iguanas
  9 gnolls
  2 adders
  A shadow imp (D:7)
  2 white imps (D:6)
  2 ufetubi
  3 worms
  2 dart slugs (D:4)
  7 orcs
  4 ball pythons
  4 endoplasms
  2 giant cockroaches
  5 goblins
  3 hobgoblins (D:1)
  4 jackals (D:3)
  A quokka (D:1)
  7 bats
  2 frilled lizards (D:1)
  6 kobolds
  9 rats
98 creatures vanquished.

Vanquished Creatures (collateral kills)
  An ogre (D:4)
  A centaur (D:7)
  A phantom (D:7)
  2 scorpions
  A wight (D:7)
  A jelly (D:5)
  A hound (D:7)
  A sleepcap (D:5)
  3 gnolls
  3 adders
  A shadow imp (D:4)
  2 white imps
  An ufetubus (D:7)
  4 dart slugs
  2 orcs (D:5)
  2 endoplasms
  A giant cockroach (D:1)
  2 hobgoblins (D:4)
  A kobold (D:6)
  A quokka (D:4)
  A frilled lizard (D:3)
  A rat (D:3)
34 creatures vanquished.

Vanquished Creatures (others)
  2 yak zombies (D:7)
  A centaur zombie (D:7)
  An iguana zombie (D:5)
  5 gnoll zombies
  3 kobold zombies (D:6)
12 creatures vanquished.

Grand Total: 144 creatures vanquished

Notes
Turn   | Place    | Note
-------+----------+-------------------------------------------
     0 | D:1      | Graphine the Ogre Necromancer began the quest for the Orb.
     0 | D:1      | Reached XP level 1. HP: 16/16 MP: 3/3
   249 | D:1      | Reached XP level 2. HP: 9/26 MP: 2/5
   352 | D:1      | Reached skill level 1 in Fighting
  1328 | D:2      | Reached XP level 3. HP: 33/33 MP: 4/7
  1360 | D:2      | Learned a level 3 spell: Vampiric Draining
  2202 | D:3      | Reached XP level 4. HP: 42/42 MP: 4/8
  2867 | D:4      | Noticed Sigmund
  2871 | D:4      | Noticed an ogre
  2904 | D:3      | Reached XP level 5. HP: 10/50 MP: 0/10
  3085 | D:4      | Learned a level 4 spell: Animate Dead
  3251 | D:4      | Killed Sigmund
  3252 | D:4      | Reached XP level 6. HP: 10/62 MP: 7/12
  3532 | D:4      | Reached XP level 7. HP: 58/71 MP: 13/13
  3598 | D:4      | Found a staircase to the Ecumenical Temple.
  4103 | D:4      | Learned a level 5 spell: Agony
  4104 | D:5      | Entered Level 5 of the Dungeon
  4104 | D:5      | Found a burning altar of Makhleb.
  4217 | D:5      | Reached skill level 5 in Necromancy
  4420 | D:5      | Reached skill level 5 in Fighting
  4432 | D:5      | Reached skill level 5 in Spellcasting
  5191 | D:6      | Found Yshryenu's Book Emporium.
  5226 | D:6      | Reached XP level 8. HP: 80/80 MP: 15/15
  5515 | D:6      | Found an ancient bone altar of Kikubaaqudgha.
  5864 | D:6      | Identified the +3 leather armour of a sewer {rPois Int+3}
  6248 | D:7      | Found a shadowy altar of Dithmenos.
  6277 | D:7      | Noticed a yak
  6277 | D:7      | Noticed a yak
  6278 | D:7      | Noticed a yak
  6278 | D:7      | Noticed a yak
  6300 | D:7      | Killed a yak
  6305 | D:7      | Killed a yak
  6307 | D:7      | Killed a yak
  6310 | D:7      | Killed a yak
  6311 | D:7      | Reached skill level 5 in Dodging
  6311 | D:7      | Reached XP level 9. HP: 56/92 MP: 5/18
  7358 | D:8      | Learned a level 1 spell: Beastly Appendage
  7366 | D:8      | Learned a level 2 spell: Wereblood
  7372 | D:8      | Learned a level 3 spell: Frozen Ramparts
  7460 | D:8      | HP: 4/93 [killer bee (8)]
  7460 | D:8      | HP: 1/93 [killer bee (3)]
  7460 | D:8      | Slain by a killer bee

Illustrated notes

Levels and vault maps discovered:
D:1:      minmay_arrival_stone_box, layout_loops_corners
D:2:      layout_loops_ring, minivault_24
D:3:      layout_basic
D:4:      layout_cave_pools, minmay_temple_entry_from_below_b, uniq_sigmund
D:5:      layout_basic, bloody_makhleb
D:6:      layout_basic, nicolae_kikubaaqudgha_miasma_corner,
          nicolae_stop_n_shop_2
D:7:      layout_cave_pools, mainiacjoe_overflow_24_doors
D:8:      layout_basic, hangedman_abyss_or_decor_stabs

Skill      XL: |  1  2  3  4  5  6  7  8  9 |
---------------+----------------------------+-----
Dodging        | 2 3 4 5 |  5.6
Fighting       | 1 2 3 4 5 6 7 |  7.5
Spellcasting   | 3 4 5 6 |  6.8
Necromancy     | 4 5 6 7 |  7.7
Stealth        | |  1.4
Transmutations | |  0.6

Action                     |  1- 3 |  4- 6 |  7- 9 || total
---------------------------+-------+-------+-------++-------
  Melee: Unarmed           |    14 |       |       ||    14
         Dagger            |    53 |    81 |    39 ||   173
         Great mace        |       |       |   167 ||   167
         Punch             |       |       |     2 ||     2
         Headbutt          |       |       |     1 ||     1
  Throw: Dart              |     3 |     2 |       ||     5
   Cast: Necrotise         |    46 |    48 |    57 ||   151
         Vampiric Draining |     2 |     1 |     7 ||    10
         Animate Dead      |       |     2 |    10 ||    12
         Beastly Appendage |       |       |     2 ||     2
         Wereblood         |       |       |     2 ||     2
  Evoke: Wand              |       |       |     8 ||     8
    Use: Scroll            |    12 |     1 |     3 ||    16
         Potion            |       |       |     3 ||     3
   Stab: Sleeping          |     3 |       |       ||     3
         Distracted        |       |       |     2 ||     2
 Armour: Robe              |    29 |    33 |   238 ||   300
  Dodge: Dodged            |    45 |    42 |   257 ||   344
